 Dungeon Crawl Stone Soup version 0.29.1-12-g30fa7ad0bf (webtiles) character file.

Game seed: 11026597029923013758

95 MajorAdolf the Sneak (level 4, 0/38 HPs)
             Began as a Naga Wanderer on Jan 8, 2023.
             Slain by Grinder (6 damage)
             ... on level 3 of the Dungeon.
             The game lasted 00:02:22 (2015 turns).

MajorAdolf the Sneak (Naga Wanderer)                Turns: 2015, Time: 00:02:22

Health: 0/38       AC: 15    Str: 14    XL:     4   Next: 66%
Magic:  7/7        EV:  9    Int: 13    God:
Gold:   78         SH:  0    Dex: 18    Spells: 6/7 levels left

rFire   . . .      SeeInvis +   h - +2 dagger (protect)
rCold   . . .      Faith    .   (no shield)
rNeg    . . .      Spirit   .   d - +0 leather armour
rPois   +          Reflect  .   (no helmet)
rElec   .          Harm     .   b - +0 cloak
rCorr   .          Rampage  .   (no gloves)
Will    .....                   (no barding)
Stlth   +++.......              (no amulet)
HPRegen 0.12/turn               o - +4 ring of protection
MPRegen 0.10/turn               i - +6 ring of dexterity

@: under a protective aura, very slow
A: AC +1, large, see invisible, deformed body, poison resistance, slowness 2,
spit poison 1, naga tail 1
a: Spit Poison


You were on level 3 of the Dungeon.
You visited 1 branch of the dungeon, and saw 3 of its levels.

You collected 78 gold pieces.

Inventory:

Hand Weapons
 a - a +2 short sword
 h - a +2 dagger of protection (weapon)
Armour
 b - a +0 cloak (worn)
 d - a +0 leather armour (worn)
Jewellery
 i - a +6 ring of dexterity (right hand)
 o - a +4 ring of protection (left hand)
Scrolls
 e - a scroll of identify
 f - a scroll of poison
 j - 2 scrolls of teleportation
 l - a scroll of amnesia {unknown}
 m - a scroll of enchant armour {unknown}
 p - a scroll of butterflies {unknown}
Potions
 c - a potion of lignification
 g - a potion of cancellation {unknown}
 k - a potion of haste {unknown}
 n - 2 potions of brilliance {unknown}
 q - a potion of attraction {unknown}


   Skills:
 + Level 1.0 Fighting
 + Level 4.0 Short Blades
 - Level 1.0 Armour
 - Level 1.0 Dodging
 + Level 4.4 Stealth
 - Level 2.0 Spellcasting
 + Level 0.9 Conjurations
 - Level 1.0 Summonings
 - Level 1.0 Invocations


You had 6 spell levels left.
You knew the following spells:

 Your Spells              Type           Power      Damage    Failure   Level
a - Summon Small Mammal   Summ           12%        N/A       21%         1

Your spell library contained the following spells:

 Spells                   Type           Power      Damage    Failure   Level
 Static Discharge         Conj/Air       2%         3-4/arc   36%         2
 Summon Guardian Golem    Hex/Summ       2%         N/A       58%         3
 Animate Armour           Summ/Erth      4%         N/A       94%         4
 Sticky Flame             Conj/Fire      2%         2d3       95%         4
 Dispel Undead            Necr           1%         3d6       97%         4
 Blade Hands              Tmut           0%         N/A       100%        5
 Iron Shot                Conj/Erth      1%         9d1       100%        6


Dungeon Overview and Level Annotations

Branches:
Dungeon (3/15)

Altars:

Annotations:
D:3 Grinder


Innate Abilities, Weirdness & Mutations

Your serpentine skin is tough. (AC +1)
You have supernaturally acute eyesight. (SInv)
Armour fits poorly on your strangely shaped body.
Your system is resistant to poisons. (rPois)
You cover ground very slowly.
You can spit poison.
You have a snake-like lower body.


Message History

You are too injured to fight recklessly!
You are too injured to fight recklessly!
You are too injured to fight recklessly!
You barely miss Grinder.
Grinder is lightly wounded.
Grinder hits you but does no damage.
You are too injured to fight recklessly!
You barely miss Grinder.
Grinder is lightly wounded.
Grinder hits you.
* * * LOW HITPOINT WARNING * * *
You are too injured to fight recklessly!
You completely miss Grinder.
Grinder is lightly wounded.
You hit Grinder.
Grinder is lightly wounded.
Grinder gestures at you. Pain shoots through your body!
* * * LOW HITPOINT WARNING * * *
You hit Grinder.
Grinder is moderately wounded.
Grinder hits you but does no damage.
You hit Grinder.
Grinder is moderately wounded.
Grinder barely misses you.
You closely miss Grinder.
Grinder is moderately wounded.
Grinder hits you but does no damage.
You hit Grinder.
Grinder is heavily wounded.
You hit Grinder but do no damage.
Grinder is heavily wounded.
Grinder hits you but does no damage.
You hit Grinder.
Grinder is severely wounded.
Grinder closely misses you.
You closely miss Grinder.
Grinder is heavily wounded.
Grinder hits you.
You die...

....... .#
....... .#
.......#.##
.<........#
.>........#
..........#
.......5.?#
#@!.# #...#
#††.# #<..#
#...# ##.##
..# $## .


You could see Grinder.

Vanquished Creatures
  A hound (D:3)
  2 adders
  A worm (D:2)
  2 dart slugs (D:2)
  3 ball pythons
  2 endoplasms (D:1)
  2 giant cockroaches
  3 goblins
  2 hobgoblins (D:1)
  4 jackals
  5 kobolds
  2 quokkas
  4 bats
  2 frilled lizards
  5 rats
40 creatures vanquished.

Notes
Turn   | Place    | Note
-------+----------+-------------------------------------------
     0 | D:1      | MajorAdolf the Naga Wanderer began the quest for the Orb.
     0 | D:1      | MajorAdolf set off with the following items: a +2 short
                  | sword, a +0 cloak, a potion of lignification, a +0 leather
                  | armour; and the following spell memorised: Summon Small
                  | Mammal; and the following spells available to memorise:
                  | Summon Guardian Golem.
     0 | D:1      | Reached XP level 1. HP: 15/15 MP: 3/3
   320 | D:1      | Reached XP level 2. HP: 15/22 MP: 5/5
   419 | D:1      | Found a faded altar of an unknown god.
  1215 | D:1      | Reached XP level 3. HP: 25/28 MP: 6/6
  1985 | D:3      | Reached XP level 4. HP: 24/37 MP: 7/7
  1997 | D:3      | Reached skill level 1 in Fighting
  1997 | D:3      | Noticed Grinder
  2015 | D:3      | Slain by Grinder

Illustrated notes

Levels and vault maps discovered:
D:1:      dpeg_arrival_brainrot, layout_basic,
          shapermc_ecumenical_altar_totnotflames
D:2:      layout_basic, minmay_misc_feat_secret_circle
D:3:      minmay_inner_zag, layout_rooms, mainiacjoe_overflow_alcove_1,
          nemelex_spade_bored_becter, portal_sewer_entry_a, uniq_pargi,
          uniq_natasha, uniq_grinder, uniq_sigmund

Skill      XL: |  1  2  3  4 |
---------------+-------------+-----
Stealth        | 2 3 4 |  4.4
Fighting       | 1 |  1.0
Short Blades   | 4 |  4.0
Armour         | |  1.0
Dodging        | |  1.0
Spellcasting   | |  2.0
Conjurations   | |  0.9
Summonings     | |  1.0
Invocations    | |  1.0

Action                   |  1- 3 |  4- 6 || total
-------------------------+-------+-------++-------
Melee: Short sword       |    11 |       ||    11
       Dagger            |   116 |    27 ||   143
       Punch             |     3 |       ||     3
 Abil: Spit Poison       |     1 |     1 ||     2
  Use: Scroll            |     2 |       ||     2
 Stab: Sleeping          |     2 |       ||     2
Armor: Leather armour    |    65 |    13 ||    78
Dodge: Dodged            |    56 |     6 ||    62
